Map: Capullo de rosa EE

Players

MrFercho - Winner!

  • Race: Terran Terran
  • League: Silver
  • Spawn Location: 5:00

tigro - Winner!

  • Race: Terran Terran
  • League: Bronze
  • Spawn Location: 5:00

TATORREA - Winner!

  • Race: Protoss Protoss
  • League: Silver
  • Spawn Location: 5:00

Jack

  • Race: Protoss Protoss
  • Spawn Location: 11:00

OleGrandad

  • Race: Terran Terran
  • Spawn Location: 11:00

DeathByHodor

  • Race: Zerg Zerg
  • Spawn Location: 11:00

VOD

Have the link to the VOD?

Description

Time

  • Played on: May 20, 2020, 8:08 p.m.
  • Length: 26:00
Show
View Real Time Build Order
Export as new Build Order

MrFercho Terran - Winner!

Build Orders:  

Get SALT Encoding   

  12  0:02  SCV  
  13  0:14  SCV  
  13  0:20  Supply Depot  
  15  0:28  SCV  
  15  0:42  SCV  
  16  0:49  Engineering Bay  
  16  0:54  SCV  
  17  1:06  SCV, Barracks  
  18  1:18  SCV, Supply Depot  
  18  1:21  Refinery  
  19  1:30  SCV  
  20  1:41  Supply Depot  
  20  1:42  SCV  
  21  2:10  SCV  
  21  2:13  Refinery  
  22  2:21  Barracks Reactor  
  22  2:22  SCV  
  23  2:34  SCV  
  24  2:46  SCV  
  25  2:57  Command Center  
  25  3:02  Refinery, Marine x2  
  27  3:20  Marine x2  
  29  3:32  Factory  
  29  3:38  Marine x2  
  31  3:42  Orbital Command  
  31  3:51  Factory  
  31  3:56  Marine x2  
  33  4:09  Orbital Command  
  33  4:31  Terran Infantry Weapons Level 1  
  33  4:36  Factory  
  33  4:39  Supply Depot  
  33  4:40  Supply Depot  
  33  4:42  Supply Depot  
  35  4:46  Widow Mine  
  35  4:58  Marine x2  
  39  5:07  Widow Mine  
  33  5:28  Widow Mine  
  31  5:50  Widow Mine, Factory Tech Lab  
  31  6:27  Factory  
  31  6:32  Factory  
  31  6:54  Widow Mine x2  
  35  7:16  Widow Mine x2  
  41  7:37  Supply Depot, Widow Mine x2  
  41  7:39  Supply Depot  
  41  7:42  Hi-Sec Auto Tracking  
  43  8:04  Armory  
  43  8:12  Starport  
  43  8:13  Starport  
  43  8:52  Liberator x2  
  49  9:19  Terran Vehicle Weapons Level 1  
  49  9:27  Widow Mine x3  
  49  9:28  Widow Mine  
  57  9:35  Liberator x2  
  63  9:48  Widow Mine  
  65  9:55  Widow Mine x2  
  65  9:56  Widow Mine  
  71  10:10  Widow Mine  
  73  10:17  Widow Mine x2  
  77  10:33  Liberator  
  79  11:33  Liberator  
  70  12:22  Drilling Claws  
  70  12:29  Starport Tech Lab  
  70  12:30  Terran Vehicle Weapons Level 2  
  70  12:32  Command Center  
  70  12:36  Refinery  
  70  13:02  Refinery  
  70  13:09  Supply Depot x2  
  70  13:12  Supply Depot  
  70  13:15  Widow Mine x4  
  78  13:32  Supply Depot  
  78  13:36  Widow Mine x2  
  78  13:37  Widow Mine x2  
  78  13:38  Supply Depot  
  85  13:57  Widow Mine  
  85  13:58  Widow Mine x3  
  93  14:19  Widow Mine x4  
  101  14:40  Widow Mine  
  102  15:30  Widow Mine x3  
  102  15:31  Widow Mine  
  110  15:51  Widow Mine  
  110  15:52  Widow Mine x3  
  118  17:00  Command Center  
  118  17:19  Widow Mine  
  118  18:11  Liberator  
  118  18:12  Widow Mine x4, Liberator  
  132  18:33  Widow Mine x4  
  132  18:34  Barracks  
  140  18:45  Refinery  
  140  18:48  Refinery  
  140  18:54  Liberator x2  
  140  18:55  Widow Mine x4  
  154  19:16  Widow Mine x4  
  162  19:32  Orbital Command  
  162  19:38  Widow Mine x2  
  166  19:55  Command Center  
  166  20:40  SCV  
  166  20:41  Widow Mine x2  
  165  20:52  SCV  
  166  21:03  Command Center  
  166  21:05  SCV  
  149  23:48  SCV  
  137  24:00  SCV  
  111  24:38  Widow Mine x4  
  110  24:59  Widow Mine  
  116  25:00  Widow Mine x3  
  114  25:21  Widow Mine x4  
Show
View Real Time Build Order
Export as new Build Order

tigro Terran - Winner!

Build Orders:  

Get SALT Encoding   

  12  0:05  SCV  
  13  0:17  SCV  
  14  0:28  Supply Depot  
  14  0:29  SCV  
  15  0:37  Refinery  
  15  0:49  SCV  
  16  1:00  Barracks  
  16  1:01  SCV  
  17  1:14  SCV  
  18  1:18  Supply Depot  
  18  1:26  SCV  
  19  1:34  Refinery  
  19  1:38  SCV  
  20  1:49  Marine  
  20  1:50  SCV  
  22  2:02  SCV  
  22  2:06  Marine  
  22  2:08  Barracks  
  24  2:14  SCV  
  25  2:24  Marine  
  25  2:26  SCV  
  25  2:29  Engineering Bay  
  27  2:39  Orbital Command  
  27  2:42  Marine  
  28  3:00  Marine  
  29  3:06  Command Center  
  29  3:07  Barracks Tech Lab  
  29  3:28  Factory  
  29  3:30  Barracks Tech Lab  
  29  3:33  Marauder  
  31  3:36  Combat Shield  
  31  3:50  Stimpack  
  31  3:52  Marine  
  31  3:54  Marauder  
  34  4:16  Marauder  
  36  4:19  SCV  
  36  4:22  Refinery  
  37  4:31  SCV  
  37  4:33  Factory Tech Lab  
  38  4:38  Starport  
  38  4:43  SCV  
  39  4:55  Concussive Shells, SCV, Refinery  
  39  4:57  Siege Tank  
  43  5:08  SCV  
  44  5:29  Siege Tank  
  35  6:20  Starport Tech Lab  
  32  6:52  Medivac  
  34  6:54  Marine  
  34  6:57  Marine  
  36  7:01  Terran Infantry Weapons Level 1  
  36  7:05  Orbital Command  
  36  7:12  Marine  
  36  7:14  Marine  
  36  7:15  Armory  
  38  7:30  Marine  
  38  7:32  Marine  
  40  7:48  Marine  
  40  7:50  Marine  
  42  8:05  Fusion Core  
  42  8:06  Marine  
  42  8:08  Marine  
  44  8:23  Marine  
  44  8:26  Marine  
  46  8:41  Marine  
  46  8:44  Marine  
  48  8:52  Starport  
  48  8:56  Terran Infantry Armor Level 1  
  48  8:59  Marine  
  48  9:00  Missile Turret  
  48  9:01  Marine  
  50  9:06  Weapon Refit  
  50  9:08  Battlecruiser  
  56  9:15  Siege Tank  
  59  9:20  Missile Turret  
  59  9:42  Supply Depot  
  59  9:43  Missile Turret  
  59  9:51  Starport Tech Lab  
  59  10:04  Supply Depot, Missile Turret  
  54  10:12  Battlecruiser  
  60  10:25  Missile Turret  
  60  10:40  Barracks  
  60  10:46  Missile Turret, Rapid Reignition System  
  60  10:50  Neosteel Armor  
  60  11:07  Missile Turret  
  60  11:17  Missile Turret  
  49  11:35  Missile Turret  
  49  11:45  Missile Turret  
  49  11:48  Barracks Tech Lab  
  49  11:50  Marine  
  50  11:55  Battlecruiser  
  50  12:00  Battlecruiser  
  62  12:07  Missile Turret  
  62  12:08  Marine  
  63  12:22  Missile Turret  
  63  12:26  Marine  
  63  12:29  Missile Turret  
  64  12:30  Hi-Sec Auto Tracking  
  64  12:32  Missile Turret  
  64  12:35  Marine  
  65  12:44  Marine  
  65  12:50  Missile Turret  
  66  12:53  Missile Turret, Marine  
  67  13:02  Marine  
  67  13:04  SCV  
  69  13:09  Missile Turret  
  69  13:16  SCV  
  70  13:24  Siege Tank  
  70  13:26  Medivac  
  75  13:28  SCV  
  75  13:29  Missile Turret  
  76  13:38  Command Center  
  76  13:40  SCV  
  77  13:52  SCV  
  37  15:06  Battlecruiser  
  43  15:12  Battlecruiser  
  46  15:16  Planetary Fortress  
  46  15:27  Refinery  
  46  15:32  Refinery  
  46  15:35  Siege Tank  
  49  16:10  Battlecruiser  
  55  16:16  Battlecruiser  
  49  17:20  Marine  
  49  17:22  Marine  
  51  17:38  Marine  
  51  17:40  Marine  
  44  17:52  Missile Turret  
  44  17:56  Marine  
  44  17:58  Marine  
  46  18:07  Battlecruiser  
  46  18:10  Battlecruiser  
  46  18:12  Terran Infantry Weapons Level 2  
  58  18:14  Marine  
  58  18:16  Marine  
  60  18:31  Marine  
  60  18:34  Marine  
  61  18:41  Thor  
  68  18:49  Marine  
  68  18:51  Marine  
  70  19:07  Marine  
  70  19:09  Marine  
  72  19:11  Battlecruiser  
  72  19:14  Battlecruiser  
  84  19:23  Thor  
  90  19:25  Marine  
  90  19:27  Marine  
  92  19:43  Marine  
  92  19:45  Marine  
  94  19:48  Terran Vehicle Weapons Level 1  
  94  19:53  Infernal Pre-Igniter  
  94  20:00  Marine  
  94  20:03  Marine  
  96  20:15  Medivac  
  96  20:18  Medivac, Marine  
  96  20:20  Marine  
  102  20:28  Terran Infantry Armor Level 2  
  102  20:36  Marine  
  102  20:38  Marine  
  104  20:54  Missile Turret, Marine  
  104  20:56  Marine  
  106  21:11  Drilling Claws  
  106  21:12  Marine  
  106  21:14  Missile Turret, Marine  
  108  21:34  Missile Turret  
  108  21:42  Terran Vehicle And Ship Armor Level 1  
  108  21:55  Missile Turret  
  108  22:19  Marine  
  109  22:30  Mag-Field Accelerator  
  109  23:34  Marine  
  108  23:36  Terran Ship Weapons Level 1  
  109  23:51  Marine  
  109  24:10  Smart Servos  
  109  24:39  Battlecruiser  
  109  24:44  Battlecruiser  
  109  24:47  Marine x2  
  105  25:04  Marine x2  
  107  25:22  Marine x2  
Show
View Real Time Build Order
Export as new Build Order

TATORREA Protoss - Winner!

Build Orders:  

Get SALT Encoding   

  12  0:01  Probe  
  13  0:19  Probe  
  14  0:29  Pylon  
  14  0:31  Probe  
  15  0:47  Probe  
  16  0:50  Assimilator  
  16  0:59  Probe  
  17  1:19  Probe  
  17  1:23  Gateway  
  18  1:26  Gateway  
  18  1:27  Forge  
  18  1:39  Probe  
  19  1:41  Pylon  
  19  1:52  Probe  
  20  2:12  Probe  
  20  2:13  Nexus  
  21  2:19  Zealot  
  23  2:23  Assimilator  
  23  2:24  Zealot  
  23  2:28  Probe  
  26  2:51  Cybernetics Core  
  26  2:53  Pylon  
  26  3:03  Protoss Ground Weapons Level 1  
  26  3:06  Zealot x2  
  30  3:14  Probe  
  31  3:26  Probe x2  
  33  3:38  Probe x2  
  33  3:41  Pylon  
  35  3:44  Pylon  
  35  3:48  Pylon  
  35  3:50  Probe x2  
  35  3:52  Warp Gate  
  37  4:05  Pylon  
  37  4:08  Probe  
  38  4:10  Probe  
  39  4:18  Stalker x2  
  43  4:35  Robotics Facility  
  43  4:37  Twilight Council  
  43  4:39  Stargate  
  43  4:43  Probe x2  
  45  4:58  Stalker  
  45  4:59  Stalker  
  49  5:02  Probe x2  
  51  5:14  Probe x2  
  53  5:26  Probe x2  
  49  6:19  Stalker  
  49  6:20  Stalker  
  49  6:24  Phoenix  
  49  6:30  Immortal  
  53  6:35  Assimilator  
  53  6:36  Probe x2  
  53  6:39  Assimilator  
  55  6:42  Blink  
  55  6:53  Fleet Beacon  
  55  6:56  Robotics Bay  
  55  7:11  Nexus  
  55  7:22  Stalker  
  57  7:23  Stalker  
  57  7:27  Phoenix  
  61  7:36  Probe x2  
  63  7:42  Protoss Ground Weapons Level 2  
  63  7:47  Stalker x2  
  63  7:48  Probe x2  
  69  7:59  Anion Pulse-Crystals  
  69  8:00  Probe x2  
  72  8:12  Probe  
  72  8:13  Probe  
  73  8:24  Probe  
  73  8:25  Probe  
  71  8:37  Probe x2  
  53  9:11  Phoenix  
  55  9:17  Stalker  
  55  9:18  Stalker  
  59  9:27  Colossus  
  65  9:36  Phoenix  
  65  9:37  Protoss Air Weapons Level 1  
  67  9:43  Stalker x2  
  71  9:45  Probe  
  71  9:46  Probe  
  71  9:51  Assimilator  
  73  9:55  Assimilator  
  73  9:57  Probe  
  73  9:58  Probe  
  75  10:01  Phoenix  
  77  10:10  Probe x2  
  79  10:26  Phoenix  
  79  10:27  Stalker x2  
  85  10:51  Phoenix  
  82  11:06  Extended Thermal Lance  
  69  11:16  Phoenix  
  56  11:41  Phoenix  
  56  11:45  Stalker  
  56  11:46  Stalker  
  62  11:49  Probe x2  
  64  12:01  Probe x2  
  64  12:06  Phoenix  
  68  12:12  Stalker x2  
  68  12:13  Probe  
  68  12:14  Probe  
  74  12:25  Probe  
  74  12:26  Pylon  
  75  12:30  Pylon  
  75  12:31  Phoenix  
  77  12:43  Probe  
  78  12:51  Flux Vanes  
  78  12:55  Probe  
  78  12:56  Void Ray  
  83  12:59  Colossus  
  89  13:06  Stalker x2  
  89  13:08  Probe  
  94  13:14  Pylon  
  94  13:17  Pylon  
  94  13:20  Probe  
  94  13:21  Pylon  
  94  13:25  Pylon  
  95  13:30  Pylon  
  95  13:32  Probe  
  96  13:35  Pylon  
  96  13:39  Void Ray, Pylon  
  100  13:42  Pylon  
  100  13:45  Pylon  
  100  14:22  Void Ray  
  72  14:58  Stalker  
  72  14:59  Stalker  
  74  15:04  Void Ray  
  78  15:08  Colossus  
  84  15:47  Void Ray, Nexus  
  88  15:53  Assimilator  
  88  16:00  Assimilator  
  88  16:30  Void Ray  
  58  17:13  Void Ray, Nexus  
  62  17:56  Void Ray  
  66  18:13  Protoss Air Weapons Level 2  
  66  18:18  Colossus  
  72  18:27  Stalker  
  72  18:28  Stalker  
  72  18:30  Assimilator x2  
  76  18:36  Charge  
  76  18:38  Void Ray  
  80  18:47  Gateway  
  80  18:49  Gateway  
  80  18:52  Gateway  
  80  18:55  Gateway  
  80  18:57  Gateway  
  80  19:02  Gateway  
  80  19:07  Gateway  
  80  19:12  Gateway  
  80  19:13  Immortal  
  80  19:14  Gateway  
  84  19:17  Gateway  
  84  19:21  Void Ray  
  88  19:49  Colossus  
  94  20:04  Void Ray (Chrono Boost)  
  94  20:06  Stalker x2  
  94  20:07  Stalker x4  
  104  20:08  Stalker x2  
  104  20:09  Stalker x2  
  104  20:13  Zealot  
  120  20:16  Zealot  
  120  20:19  Protoss Ground Weapons Level 3  
  122  20:44  Void Ray (Chrono Boost)  
  126  20:51  Protoss Air Weapons Level 3  
  126  21:06  Stalker  
  126  21:07  Stalker  
  126  21:10  Zealot  
  126  21:11  Zealot x2  
  136  21:20  Carrier  
  104  22:01  Stalker  
  104  22:02  Stalker x4  
  104  22:03  Stalker x3  
  104  22:04  Stalker  
  104  22:07  Zealot x3  
  128  22:24  Carrier  
  88  23:31  Stalker x2  
  88  23:32  Stalker x5  
  88  23:33  Stalker x4  
  116  23:34  Stalker  
  81  24:09  Nexus  
  79  24:10  Zealot x2  
  79  24:11  Zealot x2  
  79  24:12  Zealot x2  
  79  24:13  Zealot x2  
  69  25:03  Pylon  
  66  25:14  Observer  
  67  25:46  Pylon  
  67  25:50  Pylon  
Show
View Real Time Build Order
Export as new Build Order

Jack Protoss 

Build Orders:  

Get SALT Encoding   

  12  0:02  Probe (Chrono Boost)  
  13  0:18  Pylon  
  13  0:41  Probe  
  14  0:47  Assimilator  
  14  0:52  Assimilator  
  14  0:53  Probe  
  15  1:05  Probe  
  16  1:17  Probe (Chrono Boost)  
  17  1:20  Gateway  
  17  1:24  Pylon  
  17  1:28  Pylon  
  17  1:29  Probe (Chrono Boost)  
  18  1:35  Probe (Chrono Boost)  
  19  1:50  Probe  
  20  2:02  Probe  
  21  2:14  Probe  
  22  2:17  Nexus  
  22  2:27  Probe  
  23  2:34  Cybernetics Core  
  23  2:43  Forge  
  23  2:47  Pylon  
  23  2:52  Pylon  
  23  2:57  Assimilator  
  23  3:41  Stargate  
  23  3:45  Stargate  
  23  3:52  Stargate  
  23  3:57  Probe (Chrono Boost)  
  24  4:08  Probe (Chrono Boost)  
  25  4:37  Assimilator  
  25  4:41  Void Ray (Chrono Boost)  
  25  4:42  Void Ray (Chrono Boost)  
  37  4:50  Void Ray (Chrono Boost)  
  37  5:29  Void Ray x3 (Chrono Boost)  
  49  5:55  Probe (Chrono Boost)  
  50  6:06  Probe (Chrono Boost)  
  50  6:10  Probe (Chrono Boost)  
  52  6:22  Void Ray (Chrono Boost)  
  56  6:32  Void Ray x2 (Chrono Boost)  
  64  6:35  Probe  
  65  6:47  Probe  
  66  6:59  Probe  
  67  7:11  Probe  
  68  7:27  Pylon, Protoss Ground Weapons Level 1 (Chrono Boost)  
  68  7:28  Pylon x2  
  68  7:56  Nexus  
  68  8:03  Void Ray x2  
  68  9:06  Probe (Chrono Boost)  
  69  9:15  Pylon  
  69  9:16  Probe (Chrono Boost)  
  70  9:19  Pylon  
  70  9:21  Probe (Chrono Boost)  
  71  9:24  Photon Cannon  
  71  9:29  Void Ray x2  
  79  9:36  Probe (Chrono Boost)  
  79  9:38  Probe (Chrono Boost)  
  82  9:47  Probe (Chrono Boost)  
  82  9:49  Probe (Chrono Boost)  
  82  9:52  Probe (Chrono Boost)  
  84  10:04  Probe  
  85  10:24  Void Ray x2  
  85  10:28  Probe (Chrono Boost)  
  94  10:38  Probe (Chrono Boost)  
  96  10:43  Probe (Chrono Boost)  
  96  10:47  Probe (Chrono Boost)  
  97  10:53  Probe (Chrono Boost)  
  97  10:57  Probe (Chrono Boost)  
  99  10:58  Probe (Chrono Boost)  
  100  11:06  Probe  
  100  11:09  Probe  
  74  11:49  Void Ray x3  
  86  11:59  Assimilator  
  86  12:05  Assimilator  
  86  12:12  Probe (Chrono Boost)  
  86  12:14  Photon Cannon  
  87  12:15  Photon Cannon  
  87  12:18  Photon Cannon  
  87  12:22  Probe (Chrono Boost)  
  88  12:27  Probe (Chrono Boost)  
  89  12:39  Probe, Protoss Ground Armor Level 1 (Chrono Boost)  
  89  12:40  Pylon  
  89  12:42  Void Ray x3  
  102  12:44  Pylon  
  102  12:50  Pylon  
  102  12:51  Probe (Chrono Boost)  
  103  12:56  Pylon  
  103  13:03  Probe (Chrono Boost)  
  104  13:08  Probe (Chrono Boost)  
  105  13:17  Probe  
  106  13:29  Probe  
  107  14:05  Void Ray x2  
  107  14:06  Void Ray  
  106  15:13  Void Ray  
  106  15:35  Pylon  
  106  15:37  Pylon  
  106  15:38  Pylon  
  106  15:39  Pylon  
  106  15:41  Pylon  
  106  15:44  Pylon  
  106  15:47  Pylon  
  106  15:53  Void Ray x2, Pylon  
  114  16:01  Robotics Facility  
  114  16:11  Assimilator  
  74  18:02  Void Ray x3  
  86  18:14  Stargate  
  86  18:15  Stargate  
  86  18:19  Stargate  
  86  18:21  Stargate  
  86  18:45  Void Ray x2  
  94  19:27  Nexus, Observer  
  94  19:29  Pylon  
  94  19:31  Pylon  
  95  19:33  Pylon  
  95  19:35  Pylon  
  95  19:36  Void Ray  
  95  19:37  Void Ray x2, Pylon  
  95  19:38  Void Ray x2  
  111  19:39  Void Ray x2  
  123  20:14  Assimilator  
  123  20:16  Assimilator  
  123  20:20  Photon Cannon  
  123  20:22  Photon Cannon  
  123  20:26  Photon Cannon  
  123  20:28  Photon Cannon  
  123  20:32  Photon Cannon  
  123  20:34  Photon Cannon  
  123  20:37  Photon Cannon  
  67  22:02  Void Ray x2  
  67  22:03  Void Ray x4  
  67  22:04  Void Ray  
  95  23:15  Void Ray (Chrono Boost)  
  95  23:16  Void Ray x3 (Chrono Boost)  
  95  23:17  Void Ray (Chrono Boost)  
  95  23:18  Void Ray (Chrono Boost)  
  123  23:23  Void Ray (Chrono Boost)  
  112  23:42  Protoss Shields Level 1  
Show
View Real Time Build Order
Export as new Build Order

OleGrandad Terran 

Build Orders:  

Get SALT Encoding   

  12  0:02  SCV  
  13  0:14  SCV  
  14  0:37  SCV  
  14  0:39  Supply Depot  
  15  0:47  Supply Depot  
  15  1:00  SCV  
  16  1:04  Refinery  
  16  1:12  SCV  
  16  1:14  Barracks  
  17  1:21  Refinery  
  17  1:24  SCV  
  18  1:36  SCV  
  18  1:37  Engineering Bay  
  19  1:48  SCV  
  20  2:00  Supply Depot  
  20  2:18  Barracks Reactor  
  20  2:24  Factory  
  20  2:29  SCV  
  21  2:38  Supply Depot  
  21  2:41  SCV  
  22  2:53  SCV  
  23  3:03  Engineering Bay  
  23  3:11  Starport, Factory Tech Lab  
  23  3:22  SCV  
  24  3:29  Command Center  
  24  3:34  Orbital Command  
  24  3:54  Fusion Core  
  24  3:58  Marine x2  
  26  4:15  Marine  
  26  4:16  Marine  
  28  4:30  Factory Tech Lab  
  28  4:33  Terran Infantry Weapons Level 1, Marine  
  28  4:34  Marine  
  28  4:35  Terran Infantry Armor Level 1  
  30  4:51  Weapon Refit  
  30  4:59  Marine x2  
  23  5:37  Marine x2  
  23  5:40  Siege Tank  
  23  5:41  Battlecruiser  
  34  5:55  Marine x2  
  36  6:16  Planetary Fortress  
  36  6:21  Marine x2  
  38  6:30  Supply Depot  
  44  7:01  Battlecruiser  
  44  7:05  Marine x2  
  44  7:07  Refinery  
  46  7:23  SCV, Marine x2  
  46  7:27  Siege Tank  
  52  7:35  SCV  
  53  7:47  SCV  
  54  7:59  SCV  
  54  8:04  Marine x2  
  57  8:08  Battlecruiser  
  57  8:11  SCV  
  64  8:23  SCV  
  65  8:30  Armory  
  65  8:35  SCV  
  66  8:47  SCV  
  67  8:52  Siege Tank  
  70  9:15  Command Center  
  70  9:18  Terran Ship Weapons Level 1  
  70  9:19  Barracks  
  70  9:21  Terran Infantry Weapons Level 2  
  70  9:38  Terran Infantry Armor Level 2  
  70  10:07  Barracks  
  70  10:26  SCV, Medivac, Marine x2  
  75  10:44  Marine x2  
  77  10:56  Medivac  
  79  10:59  Supply Depot  
  79  11:02  Marine x2  
  65  11:20  Marine x2  
  65  11:22  Supply Depot  
  32  11:44  Supply Depot  
  32  12:03  Barracks Tech Lab  
  32  12:05  Barracks Tech Lab  
  32  12:06  Supply Depot  
  32  12:08  Marine x2  
  32  12:12  Terran Infantry Weapons Level 3  
  32  12:13  Terran Infantry Armor Level 3  
  34  12:26  SCV, Marine x2  
  34  12:28  Supply Depot  
  37  12:38  SCV  
  37  12:44  Marine x2  
  39  12:50  SCV  
  39  12:51  Supply Depot  
  41  12:53  Missile Turret  
  41  13:01  Marine  
  41  13:02  SCV, Marine  
  44  13:12  Combat Shield  
  44  13:14  SCV, Stimpack  
  45  13:25  SCV  
  46  13:37  SCV  
  46  13:38  Missile Turret  
  47  13:41  SCV  
  48  13:49  SCV  
  48  13:53  SCV  
  50  14:01  SCV  
  51  14:03  Siege Tank  
  51  14:06  SCV  
  55  14:11  Viking x2  
  55  14:13  SCV  
  60  14:18  SCV  
  61  14:31  Planetary Fortress  
  61  14:35  Siege Tank  
  64  14:50  Viking x2  
  68  14:59  Marauder  
  70  15:03  Marauder  
  72  15:54  Marauder  
  72  15:56  Marauder  
  76  15:58  Marine  
  77  16:09  SCV  
  78  16:15  Marine  
  79  16:21  SCV  
  79  16:23  Refinery  
  80  16:33  SCV, Supply Depot  
  81  16:41  Viking  
  81  16:45  SCV  
  81  16:47  Viking  
  86  16:53  SCV  
  87  16:56  Supply Depot  
  87  16:57  SCV  
  88  17:05  SCV  
  89  18:01  Ghost Academy  
  89  18:07  Marauder  
  89  18:09  Marauder  
  89  18:10  Marauder  
  95  18:13  Viking x2  
  95  18:16  SCV  
  100  18:21  Refinery  
  100  18:26  Refinery  
  100  18:28  SCV  
  101  18:40  SCV  
  102  18:52  SCV  
  103  18:56  Nuke  
  103  18:59  Ghost  
  103  19:00  Ghost  
  103  19:01  Ghost  
  109  19:04  SCV  
  110  19:16  SCV  
  111  19:20  Ghost Academy  
  111  19:27  Ghost  
  111  19:28  Ghost  
  111  19:30  Ghost  
  117  19:38  Personal Cloaking  
  117  20:07  Command Center  
  117  20:15  Nuke  
  117  20:31  SCV  
  118  20:43  SCV  
  119  20:52  Ghost  
  119  20:54  Ghost  
  119  20:55  SCV, Ghost  
  126  20:58  Enhanced Shockwaves  
  126  21:08  SCV  
  127  21:20  SCV  
  127  21:24  SCV  
  129  21:36  SCV  
  130  21:48  SCV  
  131  22:00  SCV  
  132  22:12  SCV  
  132  22:15  Viking x2  
  137  22:32  Supply Depot  
  137  22:45  Viking x2  
  141  22:56  Supply Depot  
  141  23:15  Viking x2  
  141  23:19  Supply Depot  
  134  23:41  Supply Depot  
  121  24:04  Supply Depot  
  119  24:27  Supply Depot  
  89  24:53  Supply Depot  
  77  25:16  Supply Depot  
  73  25:39  Supply Depot  
Show
View Real Time Build Order
Export as new Build Order

DeathByHodor Zerg 

Build Orders: Pool First 

Get SALT Encoding   

  12  0:02  Drone  
  13  0:13  Drone  
  14  0:19  Overlord  
  14  0:40  Drone x3  
  17  0:55  Drone  
  18  1:02  Spawning Pool  
  17  1:04  Drone  
  17  1:10  Extractor  
  17  1:27  Drone x2  
  19  1:37  Hatchery  
  18  1:43  Drone  
  19  1:53  Extractor  
  18  1:55  Drone  
  18  1:57  Queen  
  18  1:58  Drone  
  22  2:10  Spine Crawler  
  22  2:11  Drone  
  22  2:21  Overlord  
  22  2:43  Drone x2  
  24  2:55  Overlord  
  24  3:00  Queen  
  24  3:01  Drone  
  24  3:02  Drone  
  28  3:06  Drone  
  29  3:27  Roach Warren  
  29  3:30  Drone  
  29  3:31  Drone  
  30  3:34  Drone x2  
  30  3:35  Drone  
  30  3:40  Extractor  
  32  3:43  Extractor  
  31  3:56  Overlord x2  
  31  4:08  Roach x4  
  39  4:14  Roach x2  
  39  4:15  Roach x4  
  51  4:38  Roach x4  
  59  4:45  Evolution Chamber  
  58  4:47  Lair  
  58  4:51  Roach  
  60  4:52  Overlord  
  48  6:10  Queen  
  50  6:14  Roach  
  50  6:15  Overlord  
  50  6:16  Overlord x2  
  52  6:30  Overlord  
  52  6:31  Overlord  
  52  6:35  Drone x4  
  52  7:08  Drone x2  
  52  7:09  Drone x2  
  56  7:22  Hatchery  
  55  7:31  Hydralisk Den  
  55  7:32  Tunneling Claws  
  55  7:34  Zerg Ground Armor Level 1  
  54  7:38  Drone x2  
  54  7:39  Drone x3  
  54  7:42  Hatchery  
  58  7:50  Spore Crawler  
  57  7:53  Spore Crawler  
  57  7:56  Spore Crawler, Drone x2  
  57  7:57  Drone x3  
  60  8:09  Drone x2  
  50  8:36  Hydralisk  
  52  8:43  Spine Crawler  
  52  8:46  Spine Crawler  
  50  8:50  Glial Reconstitution  
  50  9:11  Extractor  
  50  9:14  Extractor  
  50  9:15  Hydralisk x5  
  58  9:21  Muscular Augments  
  58  9:24  Hydralisk x3  
  58  9:25  Hydralisk x3  
  58  9:29  Zerg Missile Weapons Level 1  
  58  9:30  Drone x4  
  58  9:31  Drone  
  75  9:39  Queen  
  75  9:40  Drone x3  
  75  9:44  Hydralisk  
  75  9:45  Hydralisk x2  
  86  9:54  Infestation Pit  
  86  9:58  Evolution Chamber  
  84  10:08  Hydralisk x5  
  94  10:14  Queen  
  96  10:22  Zergling x2  
  96  10:28  Zergling x2  
  98  10:32  Grooved Spines  
  98  10:37  Hydralisk x3  
  104  10:44  Overlord  
  104  10:45  Overlord x3  
  104  10:48  Pneumatized Carapace  
  104  10:50  Overlord x3  
  104  10:51  Overlord x2  
  104  10:52  Overlord  
  104  11:14  Hatchery  
  103  11:27  Hydralisk x3  
  109  11:33  Hydralisk x5  
  109  11:34  Hydralisk x6  
  109  11:35  Hydralisk  
  133  11:57  Overseer  
  133  12:01  Hive  
  133  12:16  Zerg Ground Armor Level 2  
  133  12:26  Zergling x8  
  133  12:27  Zergling x2  
  138  12:33  Metabolic Boost  
  138  12:38  Drone x3  
  141  12:46  Drone x6  
  141  12:47  Drone x5  
  141  12:51  Drone x3  
  155  13:13  Extractor  
  155  13:17  Extractor  
  152  13:49  Hydralisk x3  
  152  13:50  Hydralisk x4  
  152  13:52  Adrenal Glands  
  161  14:01  Overlord x2, Hydralisk x3  
  161  14:02  Hydralisk x3  
  159  14:32  Zerg Missile Weapons Level 2  
  153  14:51  Extractor  
  152  14:54  Extractor  
  152  14:58  Overlord x2  
  87  15:23  Spire  
  86  15:31  Zerg Ground Armor Level 3  
  86  15:40  Overseer  
  86  15:42  Overseer  
  86  15:48  Overseer  
  86  15:49  Overseer x5  
  86  15:54  Overseer  
  86  15:55  Overseer x5  
  86  15:56  Overseer  
  86  15:58  Overseer x2  
  86  15:59  Overseer x3  
  86  16:17  Spire  
  84  16:26  Hydralisk x5  
  84  16:27  Hydralisk x4  
  84  16:29  Hydralisk x3  
  96  16:36  Mutalisk x5  
  82  17:41  Swarm Host x2  
  82  17:42  Swarm Host x3  
  82  17:43  Swarm Host x2  
  103  17:48  Zerg Flyer Armor Level 1  
  103  18:02  Zerg Flyer Weapons Level 1  
  103  18:32  Mutalisk x4  
  111  19:15  Drone x3  
  111  19:16  Drone x7  
  122  19:17  Drone x3  
  124  19:42  Mutalisk x4  
  124  19:43  Mutalisk x5  
  142  19:48  Zerg Missile Weapons Level 3  
  142  20:06  Mutalisk x6  
  154  20:27  Mutalisk  
  154  20:28  Mutalisk x5  
  166  20:50  Hatchery  
  165  21:01  Burrow  
  165  21:20  Viper x2  
  171  21:26  Corruptor x3  
  117  22:05  Mutalisk x4  
  119  22:12  Queen  
  119  22:13  Corruptor  
  95  22:55  Corruptor x4  
  95  22:56  Corruptor x2  
  95  22:57  Mutalisk  
  71  23:43  Baneling Nest  
  70  23:49  Corruptor x5  
  70  23:54  Zergling x2  
  70  23:55  Zergling x12  
  86  23:56  Zergling x4  
  86  24:00  Zergling x10  
  94  24:12  Greater Spire  
  52  25:06  Mutalisk x3  
  43  25:14  Zergling x8  
  43  25:15  Zergling x2  
  48  25:24  Spawning Pool  
Tags
 
Add a new tag
Caveats
  • Supply blocks, unpowered buildings, or Contaminate may cause inaccurate times.
  • Supply counts are checked every 10 seconds.